 Dungeon Crawl Stone Soup version 0.17-b1-20-g63edfd6 (webtiles) character file.

2604 dvd the Archer (level 9, -6/74 HPs)
             Began as a Centaur Hunter on Nov 4, 2015.
             Was an Initiate of Ashenzari.
             Killed by divine providence
             ... invoked by an orc priest
              (15 damage)
             ... on level 7 of the Dungeon.
             The game lasted 00:53:34 (10490 turns).

dvd the Archer (Centaur Hunter)                    Turns: 10490, Time: 00:53:34

Health: -6/74      AC:  5    Str: 15    XL:     9   Next: 33%
Magic:  12/12      EV: 11    Int: 10    God:    Ashenzari [......]
Gold:   337        SH:  0    Dex: 13    Spells: 0 memorised, 13 levels left

rFire  + . .     SeeInvis .     c - +0 hunting sling (freeze)
rCold  . . .     Clarity  .     r - +0 robe (curse)
rNeg   . . .     SustAt   .     (no shield)
rPois  .         Gourm    .     (no helmet)
rElec  .         Spirit   .     w - +0 cloak (curse)
rCorr  .         Warding  .     (no gloves)
rMut   .         Stasis   .     (no barding)
MR     .....                    (no amulet)
Stlth  +.........               (no ring)
                                s - ring of protection from fire

@: slowed, not resistant to hostile enchantments, very unstealthy
A: hooves 3, deformed body, speed 2, tough skin 3
a: Renounce Religion


You were on level 7 of the Dungeon.
You worshipped Ashenzari.
Ashenzari was noncommittal.
You were not hungry.

You visited 2 branches of the dungeon, and saw 8 of its levels.
You also visited: Ossuary.

You collected 337 gold pieces.

Inventory:

Hand Weapons
 a - a +2 shortbow
 b - a +2 short sword of draining
 c - a +0 hunting sling of freezing (weapon)
 j - a +3 dire flail
 y - a +0 war axe
 D - a +0 hand crossbow
Missiles
 f - 297 stones
 q - 37 bolts
 v - 57 sling bullets (quivered)
 A - 16 bolts of penetration
Armour
 d - a +0 leather armour
 r - a cursed +0 robe (worn)
 w - a cursed +0 cloak (worn)
Jewellery
 s - a ring of protection from fire (left hand)
Wands
 E - a wand of enslavement (8)
Scrolls
 i - a scroll of blinking
 k - a scroll of curse armour
 l - 3 scrolls of enchant weapon
 m - 2 scrolls of remove curse
 n - 3 scrolls of identify
 u - a scroll of teleportation
 B - 3 scrolls of recharging
 F - a scroll of enchant armour {unknown}
Potions
 g - 2 potions of curing
 x - a potion of degeneration {unknown}
 z - 2 potions of flight
Comestibles
 e - 5 bread rations
 h - a meat ration
 p - 2 chunks of flesh
 t - a fruit
 C - a beef jerky


   Skills:
 + Level 5.0 Fighting
 + Level 3.4 Short Blades
 + Level 3.5 Axes
 + Level 0.6(2.3) Maces & Flails
 + Level 5.2(5.9) Slings
 + Level 11.3 Bows
 + Level 0.2 Crossbows
 + Level 4.0(5.2) Throwing
 + Level 0.2 Armour
 + Level 4.3 Dodging
 + Level 3.3 Stealth
 + Level 2.5 Spellcasting


You had 13 spell levels left.
You didn't know any spells.

Dungeon Overview and Level Annotations

Branches:
Dungeon (7/15)             Temple (1/1) D:5

Altars:
Ashenzari
Cheibriados
Dithmenos
Elyvilon
Makhleb
Nemelex Xobeh
Okawaru
Qazlal
Ru
Sif Muna
Vehumet
Yredelemnul
Zin
The Shining One

Shops:
D:4 (


Innate Abilities, Weirdness & Mutations

You have hooves in place of feet.
Armour fits poorly on your strangely shaped body.
You cover ground very quickly.
You have extremely tough skin (AC +3).


Message History

The sling bullet closely misses the orc warrior.
The orc priest shouts!
The orc warrior zaps a wand.
You easily resist.
Firing (i - inventory. (,) - cycle):
v - 59 sling bullets (quivered)
Press: ? - help, Shift-Dir - straight line, f/p - orc warrior
Aim: an orc warrior, wielding a short sword, wearing a chain mail and carrying a wand of slowing {zapped: 16} (almost dead)
You shoot a sling bullet.
The sling bullet closely misses the orc warrior.
The orc warrior zaps a wand.
You easily resist.
The orc warrior throws a stone.
The stone hits you!
* * * LOW HITPOINT WARNING * * *
Firing (i - inventory. (,) - cycle):
v - 58 sling bullets (quivered)
Press: ? - help, Shift-Dir - straight line, f/p - orc warrior
Aim: an orc warrior, wielding a short sword, wearing a chain mail and carrying a wand of slowing {zapped: 17} (almost dead)
You shoot a sling bullet.
The sling bullet closely misses the orc warrior.
The sling bullet closely misses the orc priest.
The orc priest calls down the wrath of Beogh upon you.
Something smites you!
You die...

((#.# ((. (). #o#
#(# #(# #o# # .#
#(# # .# #@# # .#
#.# # .# #(##### ##
.# ##(....##
.########.#
#..###..#
..#.......#####.##
##.#
..........#.....#
#.#
...########.....###
#.#
..........#..##...#
#.#


You could see an orc warrior and an orc priest.

Vanquished Creatures
  Prince Ribbit (D:6)
  Duvessa (D:5)
  3 black bears
  An ogre (D:6)
  A phantom (D:7)
  A big kobold (D:7)
  2 giant frogs
  Dowan (D:5)
  3 water moccasin zombies (Ossuary)
  A scorpion (D:4)
  4 wights (D:7)
  4 killer bees (D:7)
  2 crimson imps
  A giant frog zombie (D:2)
  A giant frog skeleton (D:5)
  Ijyb (D:2)
  3 hounds
  4 orc wizards
  3 orc priests
  3 iguanas
  3 big kobold zombies (Ossuary)
  A hound zombie (D:6)
  A hound skeleton (D:4)
  2 mummies (Ossuary)
  4 gnolls (D:3)
  7 adders
  2 shadow imps
  2 oozes
  A worm (D:2)
  5 adder zombies (Ossuary)
  6 giant geckos
  15 orcs
  5 bats
  10 giant cockroaches
  6 gnoll zombies (Ossuary)
  13 goblins
  7 hobgoblins
  3 jackals (D:5)
  11 kobolds
  A quokka (D:3)
  2 ball pythons
  8 giant newts
  4 hobgoblin zombies (Ossuary)
  5 kobold zombies (Ossuary)
  4 orc zombies (Ossuary)
  10 rats
  A bush (D:2)
180 creatures vanquished.

Vanquished Creatures (others)
  A water moccasin zombie (Ossuary)
1 creature vanquished.

Grand Total: 181 creatures vanquished

Notes
Turn   | Place    | Note
--------------------------------------------------------------
     0 | D:1      | dvd the Centaur Hunter began the quest for the Orb.
     0 | D:1      | Reached XP level 1. HP: 17/17 MP: 1/1
   585 | D:1      | Reached XP level 2. HP: 18/24 MP: 2/2
   993 | D:1      | Reached skill level 6 in Bows
  1606 | D:2      | Noticed Ijyb
  1614 | D:2      | Reached XP level 3. HP: 29/29 MP: 3/3
  1720 | D:2      | Killed Ijyb
  1989 | D:2      | Reached skill level 7 in Bows
  2089 | D:2      | Reached XP level 4. HP: 36/36 MP: 4/4
  2508 | D:2      | Reached skill level 8 in Bows
  2508 | D:2      | Reached XP level 5. HP: 41/46 MP: 4/8
  3261 | D:3      | Reached skill level 9 in Bows
  3261 | D:3      | Reached XP level 6. HP: 42/52 MP: 9/9
  3711 | D:3      | Noticed a black bear
  3729 | D:3      | Killed a black bear
  4402 | D:4      | Found Engaq's Weapon Boutique.
  4498 | D:4      | Found a sand-covered staircase.
  4504 | Ossuary  | Entered an ossuary
  4715 | Ossuary  | Reached XP level 7. HP: 48/59 MP: 10/10
  4761 | Ossuary  | HP: 1/60 [water moccasin zombie (7)]
  6107 | D:4      | Found a glowing silver altar of Zin.
  6378 | D:4      | Found a shadowy altar of Dithmenos.
  6432 | D:4      | Found an iron altar of Okawaru.
  6452 | D:4      | Found a sparkling altar of Nemelex Xobeh.
  6454 | D:4      | Found a radiant altar of Vehumet.
  6816 | D:5      | Entered Level 5 of the Dungeon
  6819 | D:5      | Found a staircase to the Ecumenical Temple.
  6876 | Temple   | Entered the Ecumenical Temple
  7617 | D:5      | Noticed Duvessa
  7617 | D:5      | Noticed Dowan
  7651 | D:5      | Killed Duvessa
  7651 | D:5      | Reached XP level 8. HP: 22/67 MP: 11/11
  7668 | D:4      | Found a shattered altar of Ashenzari.
  7673 | D:4      | Became a worshipper of Ashenzari the Shackled
  7894 | D:5      | Killed Dowan
  7894 | D:5      | Reached skill level 10 in Bows
  8438 | D:6      | Noticed Prince Ribbit
  8588 | D:6      | Killed Prince Ribbit
  8970 | D:6      | Reached skill level 5 in Slings
  9636 | D:7      | Reached XP level 9. HP: 54/73 MP: 12/12
  9808 | D:7      | Reached skill level 11 in Bows
 10063 | D:7      | Found a snail-covered altar of Cheibriados.
 10094 | D:7      | Reached skill level 5 in Fighting
 10490 | D:7      | Killed from afar by an orc priest

Action                   |  1- 3 |  4- 6 |  7- 9 || total
-------------------------+-------+-------+-------++-------
Melee: Short sword       |    12 |     6 |   146 ||   164
       Hand axe          |     9 |   180 |    13 ||   202
       Shortbow          |     2 |       |       ||     2
       War axe           |       |       |     6 ||     6
       Dire flail        |       |       |    27 ||    27
 Fire: Shortbow          |    91 |   104 |   220 ||   415
       Hunting sling     |     6 |    50 |    75 ||   131
       Hand crossbow     |       |       |     1 ||     1
Throw: Stone             |     1 |       |    12 ||    13
  Use: Scroll            |       |     8 |     6 ||    14
       Potion            |       |     1 |    15 ||    16
 Stab: Sleeping          |       |     1 |       ||     1
       Invisible         |       |       |     2 ||     2
  Eat: Chunk             |     2 |     6 |    11 ||    19
       Meat ration       |       |     1 |       ||     1
